 Dungeon Crawl Stone Soup version 0.31-b1-18-g61460d1e46 (webtiles) character file.

Game seed: 1359745668218701839

319 sizableburger the Changeling (level 6, -4/37 HPs)
             Began as a Kobold Shapeshifter on Jan 17, 2024.
             Slain by an orc priest
             ... wielding a +0 trident
              (5 damage)
             ... on level 4 of the Dungeon.
             The game lasted 00:07:25 (3757 turns).

sizableburger the Changeling (Kobold Shapeshifter)  Turns: 3757, Time: 00:07:25

Health: -4/37      AC:  4    Str: 11    XL:     6   Next: 74%
Magic:  6/6        EV: 16    Int: 11    God:
Gold:   145        SH:  0    Dex: 17    Spells: 5/5 levels left

rFire   . . .        o - +1 short sword
rCold   . . .        (no shield)
rNeg    . . .        q - +2 robe {Will+}
rPois   .            (helmet currently unavailable)
rElec   .            (cloak currently unavailable)
rCorr   .            (gloves currently unavailable)
SInv    .            (boots currently unavailable)
Will    .....        (no amulet)
Stlth   +++          (no ring)
HPRegen 0.26/turn    (no ring)
MPRegen 0.10/turn

%: no passive effects
@: beast-form, weak-willed, on berserk cooldown, attractive, hasted (expiring),
very quick
A: beast (slay +2), small, no large weapons, nightstalker 3
a: Begin Untransformation


You were on level 4 of the Dungeon.
You were a hulking beast.
You visited 1 branch of the dungeon, and saw 4 of its levels.

You collected 145 gold pieces.

Inventory:

Hand Weapons
 o - a +1 short sword (weapon)
Armour
 q - a +2 robe of willpower (worn)
Jewellery
 g - a ring of fire
 m - a ring of see invisible
Talismans
 c - a beast talisman (active)
 d - a flux talisman
Scrolls
 h - 2 scrolls of enchant weapon
 i - a scroll of noise
 j - a scroll of identify {unknown}
 k - 3 scrolls of teleportation
 n - a scroll of immolation {unknown}
Potions
 b - a potion of lignification
 f - a potion of haste
 l - a potion of attraction


   Skills:
 + Level 3.5 Fighting
 + Level 3.0 Short Blades
 - Level 4.0 Dodging
 - Level 3.6 Unarmed Combat
 + Level 4.3 Shapeshifting


You had 5 spell levels left.
You didn't know any spells.
Your spell library contained the following spells:

 Spells                   Type           Power      Damage    Failure   Level
 Sandblast                Erth           0%         2d4       34%         1
 Passwall                 Erth           0%         N/A       71%         3
 Stone Arrow              Conj/Erth      0%         3d7       71%         3
 Brom's Barrelling Bould  Conj/Erth      0%         2d3       98%         4
 Haunt                    Necr/Summ      0%         N/A       100%        7
 Borgnjor's Revivificati  Necr           0%         N/A       100%        8
 Death's Door             Necr           0%         N/A       100%        9


Dungeon Overview and Level Annotations

Branches:
Dungeon (4/15)
 Temple: D:4-7

Altars:
Gozag
Kikubaaqudgha
Vehumet
Yredelemnul

Shops:
D:1 [

Annotations:
D:3 3 runed translucent doors, groovy9's ghost, weakling DgCj


Innate Abilities, Weirdness & Mutations

You are a hulking beast.
Your limbs bulge with bestial killing power. (Slay +2)
You are small and have problems with some larger weapons.
You are completely attuned to the shadows.


Message History

You assume a fearsome visage.
The orc priest looks frightened!
As you read the scroll labelled HINES ZE QOZIL, it crumbles to dust.
It is a scroll of enchant weapon.
Your +0 short sword glows red for a moment.
As you read the scroll labelled KOXZEQ ETELAES, it crumbles to dust.
Your attack snaps the orc priest out of its fear.
A wave of despondency washes over your surroundings.
It was a scroll of vulnerability.
As you read the scroll labelled XIXAPO GERO, it crumbles to dust.
You hear a loud clanging noise!
It was a scroll of noise.
You hear an angry hiss.
The orc priest looks satisfied for a moment.
It was a potion of attraction.
You feel attractive to monsters.
You feel yourself speed up. The orc priest is attracted toward you.
You hit the orc priest but do no damage.
Okay, then.
You hit the orc priest.
The orc priest is moderately wounded.
Your extra speed is starting to run out.
The orc priest hits you but does no damage.
You hit the orc priest. You punch the orc priest.
The orc priest is heavily wounded.
You hit the orc priest but do no damage.
The orc priest is heavily wounded.
The orc priest hits you but does no damage.
You barely miss the orc priest.
The orc priest is heavily wounded.
You feel less wooden.
Your +2 robe of willpower unmelds from your body.
You feel strong-willed.
You turn into a hulking beast.
The orc priest hits you with a +0 trident.
* * * LOW HITPOINT WARNING * * *
You hit the orc priest.
The orc priest is severely wounded.
You closely miss the orc priest.
The orc priest is severely wounded.
The orc priest hits you with a +0 trident.
You die...

# .# #.##
#########...#
....)h.<.....
....o).......
##..####.....
#.. #...?.
#.. #.####


You could see an orc priest (weak-willed).

Vanquished Creatures
  A howler monkey (D:4)
  A jelly (D:3)
  2 orc priests
  Natasha (thrice) (D:2)
  An orc wizard (D:3)
  4 adders
  A ribbon worm (D:3)
  7 orcs
  4 endoplasms
  3 giant cockroaches
  5 goblins
  3 hobgoblins
  3 quokkas
  3 ball pythons
  4 bats
  6 frilled lizards
  3 kobolds
  3 rats (D:1)
57 creatures vanquished.

Vanquished Creatures (others)
  A human (D:3)
1 creature vanquished.

Grand Total: 58 creatures vanquished

Notes
Turn   | Place    | Note
-------+----------+-------------------------------------------
     0 | D:1      | sizableburger the Kobold Shapeshifter began the quest for
                  | the Orb.
     0 | D:1      | Reached XP level 1. HP: 12/12 MP: 1/1
    33 | D:1      | Found a faded altar of an unknown god.
   198 | D:1      | Reached XP level 2. HP: 14/16 MP: 2/2
   783 | D:1      | Found Bumud's Antique Armour Boutique.
   882 | D:2      | Found a radiant altar of Vehumet.
  1051 | D:2      | Noticed Natasha
  1058 | D:2      | Killed Natasha
  1059 | D:2      | Reached XP level 3. HP: 21/21 MP: 3/3
  1072 | D:2      | Noticed Natasha
  1076 | D:2      | Killed Natasha
  1077 | D:2      | Reached XP level 4. HP: 26/26 MP: 4/4
  1640 | D:2      | Reached XP level 5. HP: 31/31 MP: 5/5
  1706 | D:2      | Noticed Natasha
  1717 | D:2      | Killed Natasha
  1718 | D:2      | Reached skill level 1 in Short Blades
  2692 | D:3      | Found an ancient bone altar of Kikubaaqudgha.
  2697 | D:3      | Noticed a human
  2698 | D:3      | Killed a human
  2732 | D:3      | Found a basalt altar of Yredelemnul.
  3007 | D:3      | Found a runed translucent gate.
  3009 | D:3      | Found a runed translucent gate.
  3009 | D:3      | Found an opulent altar of Gozag.
  3010 | D:3      | Found a runed translucent gate.
  3195 | D:3      | Reached XP level 6. HP: 35/36 MP: 6/6
  3536 | D:3      | Noticed groovy9's ghost (weakling DgCj)
  3708 | D:4      | HP: 2/55 [poisoned by an orc priest]
  3755 | D:4      | HP: 1/37 [orc priest/+0 trident (3)]
  3757 | D:4      | Slain by an orc priest

Illustrated notes

Levels and vault maps discovered:
D:1:      ncdulo_wetmaze, layout_loops_ring,
          shapermc_ecumenical_altar_starsandcircs, serial_shops,
          nicolae_shop_real_fake_doors, chequers_serial_rivers_small_a,
          minmay_domino_2
D:2:      layout_basic, basic_altar, guppyfry_early_lair_pool, uniq_natasha
D:3:      layout_loops_corners, tgw_kikubaaqudgha, mainiacjoe_overflow_alcove_1,
          ebering_ghost_gozag
D:4:      layout_loops_ring, ebering_ghost_rock_garden, serial_shops, shop,
          uniq_sigmund, uniq_eustachio

Skill      XL: |  1  2  3  4  5  6 |
---------------+-------------------+-----
Dodging        | 3 4 |  4.0
Fighting       | 2 3 |  3.5
Short Blades   | 2 3 |  3.0
Shapeshifting  | 4 |  4.3
Unarmed Combat | |  3.6

Action                     |  1- 3 |  4- 6 || total
---------------------------+-------+-------++-------
  Melee: Unarmed           |    65 |    71 ||   136
         Punch             |     2 |     5 ||     7
         Short sword       |       |    93 ||    93
    Use: Potion            |       |    10 ||    10
         Scroll            |       |     6 ||     6
   Stab: Sleeping          |     7 |    10 ||    17
 Armour: Animal skin       |    13 |    16 ||    29
         Robe              |       |    39 ||    39
         Skin              |       |    20 ||    20
  Dodge: Dodged            |    43 |    75 ||   118
   Form: Beast             |     1 |       ||     1
